Map: Scythe of Amon

Players

Серый

  • Race: Protoss Protoss
  • Spawn Location: 5:00

NamroodTuo

  • Race: Zerg Zerg

VOD

Have the link to the VOD?

Description

Time

  • Played on: Jan. 5, 2023, 10:51 a.m.
  • Length: 22:26
Show
View Real Time Build Order
Export as new Build Order

Серый Protoss 

Build Orders:  

Get SALT Encoding   

  12  0:03  Probe (Chrono Boost)  
  13  0:20  Assimilator  
  13  0:36  Pylon  
  13  0:45  Probe (Chrono Boost)  
  13  0:47  Assimilator  
  14  0:59  Probe (Chrono Boost)  
  15  1:13  Probe (Chrono Boost)  
  16  1:20  Gateway  
  16  1:33  Forge  
  16  1:51  Pylon  
  16  2:00  Probe (Chrono Boost)  
  17  2:14  Probe (Chrono Boost)  
  18  2:21  Legionnaire  
  21  2:39  Kaldalis' A.I. Personality  
  21  2:46  Probe (Chrono Boost), Legionnaire  
  25  3:02  Probe (Chrono Boost)  
  25  3:06  Photon Cannon  
  26  3:22  Photon Cannon  
  27  3:30  Probe (Chrono Boost)  
  27  3:47  Probe (Chrono Boost)  
  28  4:04  Probe (Chrono Boost)  
  29  5:39  Probe (Chrono Boost)  
  30  5:48  Pylon  
  30  5:52  Cybernetics Core  
  30  5:56  Probe (Chrono Boost)  
  31  6:01  Pylon  
  31  6:03  Pylon  
  31  6:04  Pylon x2  
  31  6:07  Legionnaire  
  31  6:15  Probe (Chrono Boost)  
  35  6:32  Probe (Chrono Boost), Legionnaire  
  39  6:49  Probe (Chrono Boost)  
  40  6:51  Nexus  
  40  6:56  Legionnaire  
  40  6:58  Assimilator  
  40  7:04  Assimilator  
  43  7:12  Pylon  
  43  7:15  Pylon  
  43  7:21  Legionnaire  
  43  7:22  Pylon  
  46  7:45  Legionnaire  
  49  8:08  Adept  
  51  8:32  Photon Cannon  
  51  8:35  Photon Cannon  
  51  8:37  Photon Cannon  
  51  8:39  Adept  
  51  8:40  Photon Cannon  
  51  8:46  Stargate  
  53  8:54  Probe (Chrono Boost)  
  53  8:57  Robotics Facility  
  54  9:10  Probe (Chrono Boost)  
  55  9:24  Probe (Chrono Boost)  
  56  9:32  Probe (Chrono Boost)  
  56  9:38  Probe (Chrono Boost)  
  58  9:49  Probe (Chrono Boost)  
  59  9:52  Probe (Chrono Boost), Adept  
  62  10:04  Protoss Ground Weapons Level 1  
  62  10:06  Probe x2 (Chrono Boost)  
  64  10:17  Talis' A.I. Personality  
  64  10:23  Probe (Chrono Boost), Adept  
  68  10:40  Probe (Chrono Boost)  
  68  10:54  Adept  
  70  11:17  Taldarin's A.I. Personality  
  70  11:26  Adept  
  72  11:44  Robotics Bay  
  72  11:49  Probe (Chrono Boost)  
  73  12:00  Adept  
  73  12:03  Probe (Chrono Boost)  
  73  12:06  Probe (Chrono Boost)  
  73  12:09  Protoss Air Weapons Level 1  
  77  12:15  Protoss Ground Armor Level 1  
  77  12:17  Probe (Chrono Boost), Mojo's A.I. Personality  
  78  12:23  Probe (Chrono Boost)  
  79  12:30  Probe (Chrono Boost)  
  79  12:38  Legionnaire  
  84  12:40  Probe (Chrono Boost)  
  84  12:44  Probe (Chrono Boost)  
  85  12:57  Probe (Chrono Boost)  
  80  13:08  Legionnaire  
  83  13:14  Probe (Chrono Boost)  
  76  13:38  Legionnaire  
  71  14:08  Legionnaire  
  71  14:38  Purifier Armaments, Legionnaire  
  74  14:49  Protoss Air Armor Level 1  
  74  15:08  Legionnaire  
  63  15:38  Adept  
  63  15:57  Observation Protocol  
  63  16:09  Scout  
  66  16:16  Legionnaire  
  69  16:28  Protoss Shields Level 1  
  69  16:32  Colossus  
  69  16:39  Scout  
  72  16:46  Legionnaire  
  81  17:09  Scout  
  84  17:16  Adept  
  86  17:33  Colossus  
  86  17:39  Scout  
  95  18:09  Scout  
  98  18:34  Colossus  
  98  18:39  Scout  
  107  18:51  Legionnaire  
  110  19:15  Pylon  
  110  19:16  Pylon  
  110  19:20  Pylon  
  110  19:22  Pylon  
  110  19:25  Pylon x2  
  110  19:32  Pylon  
  110  19:34  Pylon  
  110  19:35  Pylon, Colossus  
  110  19:36  Pylon  
  110  19:40  Legionnaire  
  110  19:41  Pylon  
  110  19:43  Pylon  
  110  19:44  Pylon  
  110  19:45  Pylon  
  110  19:46  Pylon  
  119  19:51  Pylon  
  119  19:59  Fleet Beacon  
  119  20:02  Stargate  
  119  20:09  Twilight Council  
  122  20:10  Probe (Chrono Boost), Legionnaire  
  123  20:26  Probe (Chrono Boost)  
  124  20:36  Colossus  
  124  20:40  Adept  
  124  20:43  Probe (Chrono Boost)  
  133  21:18  Legionnaire  
Show
View Real Time Build Order
Export as new Build Order

NamroodTuo Zerg 

Build Orders:  

Get SALT Encoding   

  12  0:06  Infested SCV  
  13  0:12  Infested SCV  
  14  0:25  Overlord  
  14  0:48  Infested Barracks  
  14  0:51  Infested SCV  
  14  0:53  Infested SCV  
  14  0:57  Infested SCV  
  17  1:10  Overlord  
  17  1:23  Infested SCV  
  18  1:39  Infested SCV  
  19  1:54  Infested Barracks  
  19  1:59  Infested SCV  
  20  2:08  Infested Engineering Bay  
  20  2:11  Infested SCV  
  20  2:16  Infested Refinery  
  21  2:20  Infested Refinery  
  21  2:34  Infestation Level 1  
  21  2:45  Infested SCV  
  21  2:47  Overlord  
  22  3:00  Infested SCV  
  22  3:07  Infested Barracks Tech Lab  
  23  3:10  Infested Marine  
  23  3:12  Infested Marine  
  23  3:17  Infested SCV  
  26  3:43  Infested SCV  
  27  4:34  Anaerobic Enhancement  
  27  4:45  Unknown  
  29  5:02  Infested Marine x3, Infested Bunker  
  32  5:14  Infested Marine  
  32  5:15  Infested Marine x5  
  38  5:34  Infestation Level 2  
  38  5:48  Regenerative Plating  
  34  5:57  Infested Bunker  
  38  6:05  Infested SCV  
  38  6:08  Overlord  
  38  6:09  Overlord  
  34  7:19  Infested Marine  
  35  7:20  Infested Marine x11  
  35  7:21  Infested Marine x9  
  35  7:27  Infested Command Center  
  55  7:34  Broodling Gestation  
  55  7:36  Retinal Augmentation  
  55  7:47  Infested Barracks  
  55  8:04  Overlord  
  55  8:05  Overlord  
  55  8:36  Plagued Munitions  
  34  9:11  Infested SCV x2  
  34  9:12  Infested SCV  
  41  9:51  Infested Bunker  
  41  9:55  Infested SCV x2  
  41  9:56  Infested SCV  
  44  10:07  Infested Barracks  
  44  10:13  Stukov Infantry Armor Level 1  
  44  10:17  Infested SCV x4  
  48  10:32  Infested Factory  
  48  11:44  Infested SCV x4, Infested Bunker  
  48  11:45  Infested SCV  
  57  12:01  Infested Armory  
  57  12:29  Infested Bunker  
  61  12:40  Infested Marine x7  
  61  12:41  Infested Marine x18  
  86  12:53  Stukov Infantry Weapons Level 1  
  86  12:57  Infested Refinery  
  86  13:02  Infested Refinery  
  86  13:04  Overlord x5  
  86  13:11  Overlord x5  
  86  13:32  Infested Marine  
  86  13:33  Infested Marine x11  
  86  13:34  Infested Marine x13  
  111  13:58  Infested Marine  
  111  13:59  Infested Marine x12  
  113  14:00  Infested Marine x19  
  118  14:58  Infested Marine  
  118  14:59  Infested Marine x22  
  129  15:00  Infested Marine x8  
  92  15:42  Infested Marine x3  
  92  15:43  Infested Marine x22  
  92  15:47  Infestation Level 3  
  117  15:50  Calcified Armor  
  121  16:01  Infested Bunker  
  119  16:20  Infested Marine  
  119  16:21  Infested Marine x12  
  119  16:22  Infested Marine x10  
  112  16:50  Stukov Infantry Weapons Level 2  
  112  16:59  Infested Marine  
  113  17:00  Infested Marine x18  
  113  17:01  Infested Marine x3  
  110  17:37  Infested Marine x6  
  110  17:38  Infested Marine x20  
  136  17:42  Infested SCV  
  136  17:43  Infested SCV x4  
  117  18:38  Infested SCV x2  
  117  18:39  Infested SCV  
  98  18:54  Infested Bunker  
  118  19:16  Infested Bunker  
  97  19:29  Infested Marine  
  102  19:30  Infested Marine x12  
  114  19:43  Infested Bunker  
  114  19:54  Infested SCV x3  
  114  19:55  Infested SCV x2  
  119  20:03  Overlord x3  
  119  20:08  Infested Bunker  
  119  20:13  Infested Marine  
  119  20:14  Infested Marine x20  
  119  20:15  Infested Marine x2  
  142  20:34  Infested Bunker  
  142  20:46  Infested Marine  
  142  20:47  Infested Marine x17  
  142  20:48  Infested Marine x13  
  160  21:12  Infested Marine  
  160  21:13  Infested Marine x16  
  160  21:14  Infested Marine x4  
  160  21:18  Infested Marine x9  
  190  21:23  Infested Bunker  
  190  21:26  Overlord x4  
  190  21:27  Overlord x2  
  189  21:45  Infested Marine x4  
  174  21:55  Infested Marine  
Tags
 
Commander
FenixStukov
Matchup
Co-op
Replay Pack
Multiplayer
Add a new tag
Caveats
  • Supply blocks, unpowered buildings, or Contaminate may cause inaccurate times.
  • Supply counts are checked every 10 seconds.